[Event "Early-Titled-Tuesday-Blitz-April-23-2024"]
[Site "Chess.com"]
[Date "2024.04.23"]
[Round "10"]
[White "ChessSwole"]
[Black "hakanazeri2"]
[Result "1-0"]
[WhiteElo "2719"]
[BlackElo "2559"]
[TimeControl "180+1"]
[EndTime "10:00:45 PDT"]
[Termination "ChessSwole won on time"]

1. d4 Nf6 2. c4 e6 3. Nc3 d5 4. Nf3 Bb4 5. Qa4+ Nc6 6. e3 O-O 7. Bd2 Re8 8. c5 e5 9. a3 Bxc3 10. Bxc3 exd4 11. Nxd4 Nxd4 12. Bxd4 c6 13. Bd3 Ne4 14.
Qc2 Qg5 15. O-O h5 16. f3 Nf6 17. Rae1 h4 18. Kh1 Nh5 19. f4 Qh6 20. Kg1 Ng3 21.
Rf3 Ne4 22. f5 h3 23. Rxh3 Qg5 24. Bxe4 Rxe4 25. Rg3 Rg4 26. Rxg4 Qxg4 27. Rf1 Bd7 28. Rf4 Qg5 29. Rf3 f6 30. Qf2 Re8 31. h4 Qg4 32. Rg3 Qxf5 33. Bxf6 g6 34. Bd4 Qxf2+ 35. Kxf2 Bf5 36.
h5 Kf7 37. h6 Kg8 38. Rf3 Kh7 39. Bg7 Re4 40. b4 Rc4 41. Rf4 1-0

[Event "Early-Titled-Tuesday-Blitz-April-23-2024"]
[Site "Chess.com"]
[Date "2024.04.23"]
[Round "10"]
[White "ubdip"]
[Black "ninguno46"]
[Result "1-0"]
[WhiteElo "2414"]
[BlackElo "2514"]
[TimeControl "180+1"]
[EndTime "10:00:45 PDT"]
[Termination "ubdip won by resignation"]

1. c4 e5 2. Nc3 Nf6 3. Nf3 Nc6 4. e3 Be7 5. d4 exd4 6. exd4 d5 7. h3 O-O 8. Be3 Re8 9. a3 Bd6 10. cxd5 Rxe3+ 11.
fxe3 Bg3+ 12. Kd2 Nxd5 13. Bd3 Nf6 14. Qc2 Be6 15. Ne4 Nxe4+ 16. Bxe4 Na5 17. Ke2 c5 18. dxc5 Rc8 19. b4 Nc6 20. Rad1 Qf6 21. Rhf1 Qh6 22. Bd5 Bxd5 23. Rxd5 Re8 24. Qd3 g6 25. Rd1 Bf4 26.
e4 Qg7 27. Kf1 Qb2 28. Kg1 Bg3 29. Rd2 Qc1+ 30. Rd1 Qb2 31. Rf1 Rf8 32. Rd7 Ne5 33. Nxe5 Qxe5 34. Qd5 Bh2+ 35. Kh1 Bg3 36. Rdxf7 Qxd5 37. Rxf8+ Kg7 38. exd5 1-0

[Event "Early-Titled-Tuesday-Blitz-April-23-2024"]
[Site "Chess.com"]
[Date "2024.04.23"]
[Round "10"]
[White "DeArron_Fox"]
[Black "Attacker88"]
[Result "0-1"]
[WhiteElo "2502"]
[BlackElo "2395"]
[TimeControl "180+1"]
[EndTime "10:00:45 PDT"]
[Termination "Attacker88 won by resignation"]

1. d4 Nf6 2. c4 e6 3. Nf3 b6 4. g3 Ba6 5. Nbd2 Bb4 6. Qc2 Bb7 7. Bg2 Be4 8. Qd1 O-O 9. O-O Bxd2 10. Bxd2 d6 11. Bc3 Nbd7 12. Re1 c5 13. dxc5 Nxc5 14. b3 e5 15. Nh4 Bxg2 16. Nxg2 Nce4 17. Bb2 Qc7 18.
Ne3 Rac8 19. Rc1 Qd7 20. f3 Nc5 21. Nd5 Nxd5 22. Qxd5 Rfd8 23. Red1 Qe7 24. e4 h5 25. Kg2 h4 26. Rd2 Qg5 27. Rcd1 Ne6 28. Kf2 hxg3+ 29.
hxg3 Qh5 30. Kg2 Ng5 31. Qd3 Qh3+ 32. Kf2 Qh2+ 33. Ke3 Qxg3 34. Qf1 Qf4+ 35. Ke2 f5 36. exf5 e4 37. fxe4 Qxe4+ 38. Kf2 Rf8 39. Kg1 Rxf5 40.
Qg2 Nf3+ 41. Kh1 Rh5+ 0-1

[Event "Early-Titled-Tuesday-Blitz-April-23-2024"]
[Site "Chess.com"]
[Date "2024.04.23"]
[Round "10"]
[White "SpongeBob_03"]
[Black "aanshnerurkar"]
[Result "0-1"]
[WhiteElo "2268"]
[BlackElo "2376"]
[TimeControl "180+1"]
[EndTime "10:00:45 PDT"]
[Termination "aanshnerurkar won by resignation"]

1. Nf3 Nf6 2. c4 c5 3. Nc3 g6 4. b3 Bg7 5. Bb2 O-O 6. Rg1 Nc6 7. g4 d6 8. h3 a6 9. e3 Rb8 10. d4 cxd4 11. exd4 e5 12. d5 Ne7 13. Bd3 Re8 14.
Qc2 e4 15. Nxe4 Nexd5 16. O-O-O Nb4 17. Nxf6+ Bxf6 18. Bxf6 Qxf6 19. Qb2 Qxf3 20. Bb1 Qf4+ 21. Qd2 Qxd2+ 22. Rxd2 Be6 23. Rgd1 Rbc8 24. a3 Nc6 25. Rxd6 b5 26. cxb5 axb5 27. Kb2 Na5 28. Ba2 Kf8 29. R1d2 Ke7 30. Ra6 Nc6 31. Rc2 Bd7 32. Re2+ Kd6 33. Rd2+ Kc7 34. Rc2 Kb7 35. Raxc6 Bxc6 36. b4 Rc7 37. Rc5 Kb6 0-1

[Event "Early-Titled-Tuesday-Blitz-April-23-2024"]
[Site "Chess.com"]
[Date "2024.04.23"]
[Round "10"]
[White "sathvikadiga"]
[Black "Larkin-Vladislav"]
[Result "0-1"]
[WhiteElo "2616"]
[BlackElo "2860"]
[TimeControl "180+1"]
[EndTime "10:00:48 PDT"]
[Termination "Larkin-Vladislav won by checkmate"]

1. d4 Nc6 2. Nc3 Nf6 3. e4 d6 4.
Nf3 g6 5. Bb5 a6 6. Bxc6+ bxc6 7. O-O Bg7 8. Bf4 O-O 9. Qe2 Rb8 10. b3 Nd7 11. Rad1 c5 12. e5 Bb7 13. d5 Nb6 14. Rfe1 a5 15. a4 Ra8 16. Qe3 f6 17. e6 g5 18. Bg3 Qe8 19. h4 h6 20. Qd3 Qh5 21. Qf5 Ba6 22. Bh2 Qe8 23. g4 Rd8 24. Ne4 Bb7 25.
c4 c6 26. Nxd6 Rxd6 27. Bxd6 exd6 28. e7 Rf7 29. Qg6 cxd5 30. cxd5 Nxd5 31. hxg5 hxg5 32. Nh2 Nf4 33. Qf5 Rxe7 34. Rf1 Nh3# 0-1

[Event "Early-Titled-Tuesday-Blitz-April-23-2024"]
[Site "Chess.com"]
[Date "2024.04.23"]
[Round "10"]
[White "x-7171385435"]
[Black "kai_nov"]
[Result "1-0"]
[WhiteElo "2159"]
[BlackElo "2253"]
[TimeControl "180+1"]
[EndTime "10:00:48 PDT"]
[Termination "x-7171385435 won by resignation"]

1. d4 d5 2. c4 e6 3. Nf3 Nf6 4. g3 Be7 5. Bg2 a6 6. O-O dxc4 7. Ne5 O-O 8. Nxc4 Nc6 9. e3 Nd5 10. Nc3 b5 11. Nd2 Bb7 12. a4 b4 13. Nxd5 exd5 14. Nb3 a5 15. Bd2 Ba6 16. Re1 Bc4 17. Rc1 Bd6 18. Bf1 Bxf1 19. Rxf1 Qd7 20. Qe2 Ne7 21.
f3 Ng6 22. e4 dxe4 23. fxe4 Rfe8 24. Qg2 Qe6 25. d5 Qxe4 26. Qxe4 Rxe4 27. Rc6 Ne5 28. Rc2 Re2 29. Nd4 Re4 30. Nb5 b3 31. Rcc1 Re2 32. Bf4 Rxb2 33. Nxc7 Bxc7 34. Rxc7 Nd3 35.
Be3 Rc2 36. Rfxf7 Rxc7 37. Rxc7 Rb8 38. Bd4 b2 39. Rxg7+ Kf8 40. Bxb2 Nxb2 41. Rxh7 Nxa4 42. Rh8+ Ke7 43. Rxb8 Nc3 44. Ra8 a4 45. Ra6 Nxd5 46. Rxa4 Nc3 47. Rc4 Ne2+ 48. Kf2 1-0

[Event "Early-Titled-Tuesday-Blitz-April-23-2024"]
[Site "Chess.com"]
[Date "2024.04.23"]
[Round "10"]
[White "Evgeny81"]
[Black "bazar-wokzal"]
[Result "0-1"]
[WhiteElo "2762"]
[BlackElo "2606"]
[TimeControl "180+1"]
[EndTime "10:00:49 PDT"]
[Termination "bazar-wokzal won on time"]

1. e4 Nc6 2. Nf3 d5 3. exd5 Qxd5 4. d4 Bg4 5. Be2 O-O-O 6. c4 Qh5 7. d5 e6 8. Nc3 exd5 9. cxd5 Nf6 10. O-O Nxd5 11. Qa4 Nb6 12. Qb5 Bd6 13. Qxh5 Bxh5 14. Be3 Rhe8 15.
Rac1 Ne5 16. Nxe5 Bxe2 17. Nxe2 Bxe5 18. Rc2 Nd5 19. Bc5 b6 20. Ba3 Kb7 21. Rfc1 c5 22.
g3 a5 23. b3 Nb4 24. Bxb4 axb4 25. Kg2 Rd3 26. Ng1 Red8 27. Nf3 Bc3 28. Re2 R8d7 29.
Rcc2 f6 30. h4 h5 31. Re8 R3d5 32. Rce2 Kc6 33. Rc8+ Kb5 34. Rb8 Rd8 35. Rxd8 Rxd8 36. Re7 Ra8 37. Re2 Ra3 38. Ng1 c4 39. bxc4+ Kxc4 40.
Nh3 Be5 41. f4 Bc3 42. Nf2 f5 43. Nh3 b5 44. Ng5 b3 45. axb3+ Rxb3 46. Kh3 b4 47.
Re8 Rb1 48. Rc8+ Kd3 49. Ne6 Re1 50. Nc5+ Kc2 51. Na4 Re3 52. Kg2 b3 53. Kf2 Rd3 54. Ke2 Rxg3 55. Kf2 Rh3 56. Kg2 Rd3 0-1

[Event "Early-Titled-Tuesday-Blitz-April-23-2024"]
[Site "Chess.com"]
[Date "2024.04.23"]
[Round "10"]
[White "ImportedItalianMaple"]
[Black "Grossboss19"]
[Result "0-1"]
[WhiteElo "2467"]
[BlackElo "2633"]
[TimeControl "180+1"]
[EndTime "10:00:49 PDT"]
[Termination "Grossboss19 won on time"]

1. e4 e6 2. d4 d5 3. Nd2 c5 4.
Ngf3 Nc6 5. Bb5 Nf6 6. exd5 Nxd5 7. O-O Bd7 8. c4 Nc7 9. dxc5 Bxc5 10. Ne4 Be7 11.
Nd6+ Bxd6 12. Qxd6 Ne7 13. Bxd7+ Qxd7 14. Bf4 Qxd6 15.
Bxd6 Rc8 16. Rad1 f6 17. Ba3 Nc6 18. b4 a6 19. Rfe1 e5 20. b5 axb5 21. Rb1 bxc4 22. Rxb7 Ne6 23. Rc1 Rc7 24. Rb5 Ncd8 25. Rb8 Kf7 26. Nd2 c3 27. Ne4 c2 28. Nd6+ Kg6 29.
g3 Nf7 30. Rxh8 Nxh8 31. Nb5 Rc8 32. Nd6 Rc6 33. Nb5 Nf7 34. Bb4 Nd4 35. Nxd4 exd4 36. Kf1 Rc4 37. a3 Ne5 38. Ke2 d3+ 39. Kd2 Re4 40.
f4 Re2+ 41. Kc3 d2 0-1

[Event "Early-Titled-Tuesday-Blitz-April-23-2024"]
[Site "Chess.com"]
[Date "2024.04.23"]
[Round "10"]
[White "TokChess"]
[Black "czechbul17"]
[Result "1-0"]
[WhiteElo "2621"]
[BlackElo "2097"]
[TimeControl "180+1"]
[EndTime "10:00:49 PDT"]
[Termination "TokChess won by resignation"]

1. c4 g6 2. g3 Bg7 3. Bg2 d6 4. Nc3 Nd7 5. Rb1 e5 6. b4 Ne7 7. d3 O-O 8. Nf3 h6 9. Qc2 f5 10. b5 g5 11. O-O Ng6 12. Nd5 Nf6 13. Nd2 Rb8 14. Bb2 Nxd5 15. cxd5 Bd7 16. a4 a6 17.
bxa6 bxa6 18. Bc3 Rxb1 19. Rxb1 Qe8 20. Ba5 Bxa4 21. Qxc7 Qd7 22. Nc4 Rc8 23. Qxd7 Bxd7 24. Nxd6 Rc2 25. Kf1 Bf8 26. Nc4 Bb5 27. d6 Bxc4 28.
d7 Be7 29. dxc4 e4 30. d8=Q+ Bxd8 31. Bxd8 Ne5 32. h3 Nxc4 33. Rd1 a5 34. g4 e3 35.
Bd5+ Kg7 36. Bxc4 Rxc4 37. gxf5 exf2 38. f6+ Kg6 39. Kxf2 a4 40. Rd7 a3 41. Rg7+ Kh5 42. Ra7 Rf4+ 43. Kg3 Re4 44. f7 Rf4 45. e3 Rf5 46. e4 Rf1 47. e5 a2 48. e6 Kg6 49.
Rxa2 1-0

[Event "Early-Titled-Tuesday-Blitz-April-23-2024"]
[Site "Chess.com"]
[Date "2024.04.23"]
[Round "10"]
[White "kidagent"]
[Black "Djager97"]
[Result "1/2-1/2"]
[WhiteElo "2362"]
[BlackElo "2530"]
[TimeControl "180+1"]
[EndTime "10:00:50 PDT"]
[Termination "Game drawn by repetition"]

1. e4 e5 2. Nf3 Nc6 3. Bb5 a6 4.
Ba4 Nf6 5. O-O b5 6. Bb3 Bc5 7. d3 d6 8. c3 O-O 9. h3 Bb6 10. Re1 Ne7 11. d4 Ng6 12. Nbd2 Bb7 13. Bc2 Re8 14. a4 c5 15. d5 c4 16. Nf1 Nd7 17. b3 cxb3 18. Bxb3 Nc5 19. Bc2 Qc7 20. Bd2 Rac8 21. axb5 axb5 22. Rb1 Qd7 23. Ng3 Nf4 24. Bxf4 exf4 25. Nh5 Ba7 26. Nxf4 Na4 27. Bxa4 bxa4 28. e5 Rxc3 29. e6 fxe6 30. Nxe6 a3 31. Rb3 Qc8 32. Qb1 Bxd5 33. Rxc3 Qxc3 34. Nf4 Rxe1+ 35.
Nxe1 a2 36. Qd1 a1=Q 37. Qxd5+ Kf8 38. Qxd6+ Kf7 39. Qe6+ Kf8 40. Qd6+ Kg8 41. Qe6+ Kf8 42. Qd6+ 1/2-1/2

[Event "Early-Titled-Tuesday-Blitz-April-23-2024"]
[Site "Chess.com"]
[Date "2024.04.23"]
[Round "10"]
[White "lluiss"]
[Black "gpsji27"]
[Result "0-1"]
[WhiteElo "2135"]
[BlackElo "2312"]
[TimeControl "180+1"]
[EndTime "10:00:52 PDT"]
[Termination "gpsji27 won on time"]

1. Nf3 d5 2. d4 Nf6 3. c4 e6 4. cxd5 exd5 5. Nc3 Be7 6. Qc2 c6 7. Bg5 Nbd7 8. e3 O-O 9. Bd3 h6 10. Bh4 Re8 11. O-O-O Nf8 12. h3 Be6 13. Kb1 b5 14. Ne2 Qb6 15. Bxf6 Bxf6 16. g4 a5 17. Rdg1 b4 18.
h4 g6 19. Ne5 Bxe5 20. dxe5 c5 21. Nf4 c4 22. Bxg6 fxg6 23. Nxg6 Bf7 24. Nxf8 Rxf8 25.
f4 b3 26. axb3 cxb3 27. Qd2 Qb4 28. Qd4 Rfc8 29. f5 Rc4 30. Qd1 d4 31. e6 Be8 32. g5 h5 33. f6 Qa4 34. f7+ Bxf7 35. exf7+ Kf8 0-1

[Event "Early-Titled-Tuesday-Blitz-April-23-2024"]
[Site "Chess.com"]
[Date "2024.04.23"]
[Round "10"]
[White "manitodeplomo"]
[Black "WiktoriaPOL"]
[Result "1-0"]
[WhiteElo "2629"]
[BlackElo "2416"]
[TimeControl "180+1"]
[EndTime "10:00:53 PDT"]
[Termination "manitodeplomo won by resignation"]

1. d4 Nf6 2. c4 g6 3. Nc3 Bg7 4. e4 d6 5. Be2 O-O 6. Nf3 e5 7. d5 a5 8. Bg5 h6 9. Bh4 Na6 10.
Nd2 Nc5 11. O-O Qe8 12. b3 Nh7 13. a3 f5 14. f3 g5 15. Bf2 Nf6 16. b4 Na6 17. c5 Qg6 18. c6 g4 19. exf5 Qxf5 20. fxg4 Qg6 21. h3 bxc6 22. dxc6 Be6 23. Qb1 e4 24.
Ndxe4 Nxe4 25. Qxe4 Qxe4 26. Nxe4 Bxa1 27. Rxa1 axb4 28.
axb4 Nxb4 29. Rc1 Bd5 30. Ng3 Ra2 31. Kf1 Rc2 32. Rxc2 Nxc2 33. Nf5 Bxc6 34. Ne7+ Kg7 35. Nxc6 d5 36. Bd3 Ne3+ 37. Kg1 Nc4 38. Bd4+ Kg8 39. Ne7+ Kf7 40. Nxd5 Nd6 41. Nxc7 Rc8 42. Nd5 Rc1+ 43.
Kf2 Rd1 44. Ke2 Rc1 45. Nf4 Ne8 46. Be5 Rc8 47. Bg6+ Kf8 48. Bf5 Rd8 49. Ne6+ 1-0

[Event "Early-Titled-Tuesday-Blitz-April-23-2024"]
[Site "Chess.com"]
[Date "2024.04.23"]
[Round "10"]
[White "martinmena"]
[Black "pfalcon1949"]
[Result "0-1"]
[WhiteElo "2158"]
[BlackElo "1976"]
[TimeControl "180+1"]
[EndTime "10:00:53 PDT"]
[Termination "pfalcon1949 won on time"]

1. c4 Nf6 2. g3 e5 3. Bg2 d5 4.
cxd5 Nxd5 5. Nc3 Nb6 6. Nf3 Nc6 7. O-O Be7 8. d3 O-O 9. a3 Re8 10. b4 Bf8 11. Bb2 Nd4 12. Nd2 c6 13. e3 Ne6 14.
Nc4 Qc7 15. Ne4 Nxc4 16. dxc4 b6 17. Qb3 Bb7 18. Rac1 f5 19. Nd2 c5 20. Bd5 Bxd5 21. cxd5 Ng5 22. d6+ Qf7 23. d7 Red8 24. Qxf7+ Nxf7 25. bxc5 Bxc5 26. Nb3 Rxd7 27. Nxc5 bxc5 28. Rxc5 Re8 29.
Rfc1 h6 30. Rc7 Rde7 31. a4 e4 32. Ba3 Rxc7 33. Rxc7 Ne5 34. Rxa7 Nf3+ 35. Kg2 Rd8 36. Bb2 g5 37. Rg7+ Kf8 38. Rg6 Rd1 39. Rf6+ Ke7 40.
Rxf5 g4 41. Bf6+ Ke6 0-1

[Event "Early-Titled-Tuesday-Blitz-April-23-2024"]
[Site "Chess.com"]
[Date "2024.04.23"]
[Round "10"]
[White "VirtualCoach"]
[Black "mary-sanna"]
[Result "0-1"]
[WhiteElo "2004"]
[BlackElo "2246"]
[TimeControl "180+1"]
[EndTime "10:00:54 PDT"]
[Termination "mary-sanna won by resignation"]

1. Nf3 d5 2. b3 Nf6 3. Bb2 e6 4. g3 Be7 5. Bg2 O-O 6. O-O c5 7. c4 d4 8. b4 Nc6 9. bxc5 Bxc5 10. d3 e5 11. Nbd2 Re8 12. Nb3 Bf8 13. Nfd2 Bg4 14. h3 Bh5 15. g4 Bg6 16. f4 exf4 17.
Rxf4 Bd6 18. Rf1 Qe7 19. Rf2 Qe5 20. Nf1 Rad8 21. Rc1 Bb8 22. e3 Qg5 23. Nxd4 Nxd4 24. Bxd4 Rxd4 25. exd4 Bxd3 26. h4 Qxh4 27. Qxd3 Nxg4 28.
Ng3 Bxg3 29. Rxf7 Kxf7 30. Qf3+ Kg8 31. Kf1 Ne3+ 32. Ke2 Nxg2+ 33. Kd3 Re3+ 34. Qxe3 Nxe3 35. Kxe3 Qf4+ 36. Kd3 Qxc1 0-1

[Event "Early-Titled-Tuesday-Blitz-April-23-2024"]
[Site "Chess.com"]
[Date "2024.04.23"]
[Round "10"]
[White "Nimrod_Veinberg"]
[Black "GM_dmitrij"]
[Result "0-1"]
[WhiteElo "2803"]
[BlackElo "3010"]
[TimeControl "180+1"]
[EndTime "10:00:55 PDT"]
[Termination "GM_dmitrij won by resignation"]

1. e4 e5 2. Nf3 Nc6 3. Bb5 a6 4. Ba4 Nf6 5. O-O Bc5 6. c3 b5 7. Bb3 d6 8. d4 Bb6 9. a4 Bg4 10. Be3 O-O 11. Nbd2 exd4 12. cxd4 Nxd4 13. h3 Nxb3 14.
Qxb3 Bxf3 15. Nxf3 Bxe3 16. Qxe3 Re8 17. axb5 axb5 18.
Qd3 Nxe4 19. Qxb5 Rb8 20. Qa4 Rxb2 21. Rfe1 Nf6 22. Nd4 Rb8 23. Nc6 Qd7 24. Qc4 Rxe1+ 25. Rxe1 Re8 26. Rc1 h6 27. Qd3 d5 28. Nd4 Ne4 29. Nb3 c6 30. Qd4 Qd6 31. Re1 Nf6 32. Rc1 Nd7 33. Rd1 Rb8 34. Nd2 Qe5 35. Qa7 Nf6 36. Nf3 Qd6 37. Nd4 Re8 38. Rc1 c5 39. Qxc5 Re1+ 40. Rxe1 Qxc5 41. Nf3 Ne4 42. Re2 f5 43. Kh2 d4 44. Ne1 Qc4 45. Rc2 Qb3 46. g3 d3 47. Rc8+ Kh7 48. Rd8 d2 0-1

[Event "Early-Titled-Tuesday-Blitz-April-23-2024"]
[Site "Chess.com"]
[Date "2024.04.23"]
[Round "10"]
[White "Abund"]
[Black "chess123456s"]
[Result "0-1"]
[WhiteElo "2778"]
[BlackElo "2616"]
[TimeControl "180+1"]
[EndTime "10:00:57 PDT"]
[Termination "chess123456s won on time"]

1. e4 e5 2. Nf3 Nc6 3. Bb5 a6 4. Ba4 Bc5 5. c3 Nge7 6. d4 exd4 7. cxd4 Bb4+ 8. Bd2 Bxd2+ 9. Qxd2 d5 10. exd5 Qxd5 11.
Nc3 Qe6+ 12. Qe3 O-O 13. O-O Qd6 14. Ne4 Qg6 15. Ne5 Nxe5 16. dxe5 Nd5 17. Qe1 Bf5 18. f3 Rad8 19. Ng3 Bd3 20. Rf2 Nf4 21. Rd1 h5 22. Qe3 Qg5 23. Kh1 h4 24. Ne2 Bxe2 25. Rxe2 b5 26. Bc2 Rxd1+ 27. Bxd1 Rd8 28. Bc2 Ne6 29. Qxg5 Nxg5 30. f4 Ne6 31. g3 hxg3 32. hxg3 Nd4 33. Rd2 c5 34. Be4 f6 35. exf6 gxf6 36.
Kg2 Kg7 37. g4 Re8 38. Bd5 Rd8 39. Be4 Re8 40. Bd5 Rd8 41. Bf3 Kf7 42. Kf2 Ke7 43. Be4 Rh8 44. b4 Rh2+ 45. Bg2 Kd6 46. Kg3 Rh8 47.
g5 fxg5 48. fxg5 Rg8 49. Kg4 Rc8 0-1

[Event "Early-Titled-Tuesday-Blitz-April-23-2024"]
[Site "Chess.com"]
[Date "2024.04.23"]
[Round "10"]
[White "viktorskliarov"]
[Black "ReinisUz"]
[Result "1-0"]
[WhiteElo "2606"]
[BlackElo "2465"]
[TimeControl "180+1"]
[EndTime "10:00:57 PDT"]
[Termination "viktorskliarov won by resignation"]

1. e4 e5 2. Nc3 Nc6 3. Bc4 Nf6 4. d3 Bb4 5. Bg5 h6 6. Bxf6 Qxf6 7. Ne2 O-O 8. O-O Ba5 9. f4 exf4 10. Rxf4 Qd8 11. Qf1 Bb6+ 12. Kh1 Ne5 13. Bb3 Qe8 14. Nd5 d6 15.
Ng3 Be6 16. Nh5 Bxd5 17. Bxd5 Be3 18. Rh4 Bg5 19. Rh3 c6 20. Bb3 Kh7 21. Re1 Qd7 22.
d4 Ng6 23. c3 f5 24. e5 dxe5 25.
dxe5 Rae8 26. Rd3 Qe7 27. e6 Rd8 28. Bc2 Rxd3 29. Bxd3 Qc5 30. Ng3 Ne7 31. Bc2 Bh4 32. Rd1 Bxg3 33. hxg3 Qe5 34. Rd7 Qxe6 35. Rxb7 Rf6 36.
Rxa7 Rg6 37. Rxe7 Qxe7 38. Bxf5 Qd6 39. Qd3 Qxd3 40. Bxd3 h5 41. Bxg6+ Kxg6 42. a4 Kf6 43. a5 1-0

[Event "Early-Titled-Tuesday-Blitz-April-23-2024"]
[Site "Chess.com"]
[Date "2024.04.23"]
[Round "10"]
[White "maurovargas01"]
[Black "Casper"]
[Result "0-1"]
[WhiteElo "1897"]
[BlackElo "2486"]
[TimeControl "180+1"]
[EndTime "10:00:58 PDT"]
[Termination "Casper won on time"]

1. e4 a6 2. Nc3 c5 3. f4 g6 4. g3 Bg7 5. Bg2 b5 6. d3 Bb7 7. Nf3 e6 8. O-O Ne7 9. Ne2 O-O 10. c3 Nbc6 11. Qe1 d5 12. e5 b4 13. h3 bxc3 14. bxc3 Rb8 15. g4 d4 16. c4 Nb4 17. Qd1 Qa5 18. a3 Bc6 19. Bd2 Ba4 20. Qb1 Nec6 21. axb4 Nxb4 22. Bxb4 Rxb4 23. Qa2 Rfb8 24.
Ng3 Qb6 25. Ne4 Bf8 26. Nf6+ Kh8 27. Nd7 Bxd7 28. Qxa6 Rb2 29. Qxb6 R8xb6 30. Ng5 Kg7 31. Ne4 Bc6 32. Rf2 Be7 33. g5 h6 34. h4 R6b3 35.
Rxb2 Rxb2 36. Ra7 Bd8 37. Bh3 Bxe4 38. dxe4 d3 39. Bxe6 Kf8 40. Rxf7+ Ke8 41. gxh6 d2 42. Rd7 Rb1+ 43. Kg2 Rb2 44. Kf3 Rb3+ 45. Kg4 Rb7 46. Rxd2 Rh7 47. f5 Rxh6 48. f6 Rh7 49. Rd5 Rc7 50.
f7+ Ke7 51. Rd1 Ra7 52. Bd5 Bc7 53. Rf1 Kf8 54. e6 Bd8 55. h5 gxh5+ 56. Kxh5 Ra2 57. Rg1 Rh2+ 58. Kg4 Rh6 59. Kf3 Rh3+ 60. Ke2 Rh2+ 61.
Kd1 Rh8 0-1

[Event "Early-Titled-Tuesday-Blitz-April-23-2024"]
[Site "Chess.com"]
[Date "2024.04.23"]
[Round "10"]
[White "AryanTari"]
[Black "Kirill_Klukin"]
[Result "0-1"]
[WhiteElo "2940"]
[BlackElo "2857"]
[TimeControl "180+1"]
[EndTime "10:00:59 PDT"]
[Termination "Kirill_Klukin won on time"]

1. e4 c5 2. Nc3 g6 3. d4 cxd4 4.
Qxd4 Nf6 5. Nf3 Nc6 6. Qa4 d6 7.
e5 dxe5 8. Nxe5 Bd7 9. Nxd7 Nxd7 10. Bb5 Bg7 11. Bxc6 bxc6 12. Qxc6 Rc8 13. Qf3 Bxc3+ 14. bxc3 O-O 15. O-O Qc7 16. Bh6 Rfe8 17. Rad1 Ne5 18.
Qg3 Qxc3 19. Qxc3 Rxc3 20. Rfe1 f6 21. Bf4 Nc6 22. Re2 e5 23. Be3 Rd8 24. Rxd8+ Nxd8 25. Bxa7 Ra3 26. Bb6 Rxa2 27. f4 Nc6 28. fxe5 fxe5 29. Kf2 Kf7 30. c4 Ra4 31. Rc2 Ke6 32. Ke3 Rb4 33. Bc5 Rb1 34. Rd2 Na5 35. Rc2 Re1+ 36. Kd2 Rh1 37. h3 Nb3+ 38. Kc3 Nxc5 39. Kb4 Ne4 40. c5 Rb1+ 41. Kc4 Rb8 42. Re2 Nf6 43.
Ra2 e4 44. c6 Kd6 45. Ra6 Ne8 46. Kd4 Nc7 47. Ra4 Re8 48. Rc4 e3 0-1

[Event "Early-Titled-Tuesday-Blitz-April-23-2024"]
[Site "Chess.com"]
[Date "2024.04.23"]
[Round "10"]
[White "Aleksandar-Topalov"]
[Black "Hope_6"]
[Result "0-1"]
[WhiteElo "2383"]
[BlackElo "2638"]
[TimeControl "180+1"]
[EndTime "10:00:59 PDT"]
[Termination "Hope_6 won by resignation"]

1. b3 d5 2. Bb2 Bf5 3. Nf3 c6 4. g3 Nd7 5. Bg2 Ngf6 6. O-O Qc7 7. d4 e6 8. c4 Be7 9. Nbd2 O-O 10. Rc1 Ne4 11.
Nxe4 Bxe4 12. Qd2 Nf6 13. Ne5 Bxg2 14. Kxg2 Rfd8 15. cxd5 exd5 16. Qd3 Bd6 17. e3 Re8 18. f3 Nd7 19. Nxd7 Qxd7 20. e4 dxe4 21. fxe4 Bf8 22.
Qf3 Rad8 23. Rcd1 Qe6 24. Rfe1 Bb4 25. Re2 Bf8 26. Bc3 b6 27. Ree1 b5 28. d5 cxd5 29.
exd5 Qg6 30. Rxe8 Rxe8 31. Rd2 Rd8 32. Bd4 a6 33. Bf2 Rd7 34. Qd3 Qd6 35. a4 bxa4 36.
bxa4 h6 37. Qc4 a5 38. Qb5 Rd8 39. Be3 Ra8 40. Bf4 Qb4 41. d6 Bxd6 42. Bxd6 Qxd2+ 43. Kh3 Qxd6 0-1

[Event "Early-Titled-Tuesday-Blitz-April-23-2024"]
[Site "Chess.com"]
[Date "2024.04.23"]
[Round "10"]
[White "RianKapriaga"]
[Black "manmanlai1"]
[Result "0-1"]
[WhiteElo "2302"]
[BlackElo "2508"]
[TimeControl "180+1"]
[EndTime "10:01:00 PDT"]
[Termination "manmanlai1 won on time"]

1. d4 Nf6 2. Nf3 e6 3. e3 b6 4. Bd3 Bb7 5. O-O Be7 6. c4 O-O 7. Nc3 d6 8. e4 c5 9. d5 exd5 10. exd5 Bc8 11. h3 Re8 12. Bf4 Nbd7 13. Re1 Nf8 14.
Qc2 a6 15. a4 Ng6 16. Bh2 Bd7 17. Re3 Bf8 18. Rae1 Rxe3 19. Rxe3 Qc7 20. b3 Re8 21. Qe2 Rxe3 22. Qxe3 Qc8 23. Ng5 Bf5 24. Bg3 Bxd3 25. Qxd3 Qd7 26. Nge4 Nxe4 27. Nxe4 Be7 28. Qf3 f5 29. Nd2 Bf6 30. Nf1 Be5 31. Bxe5 Nxe5 32. Qe2 g6 33. f4 Nf7 34. Qe6 Qd8 35. Nd2 Kf8 36. Nf3 Qe8 37. Qxe8+ Kxe8 38. g4 Ke7 39. gxf5 gxf5 40. Ng5 Nxg5 41. fxg5 Kf7 42. Kg2 Kg6 43. h4 f4 44. Kh2 Kf5 45. Kh3 a5 0-1

[Event "Early-Titled-Tuesday-Blitz-April-23-2024"]
[Site "Chess.com"]
[Date "2024.04.23"]
[Round "10"]
[White "ProtectiveCarrot"]
[Black "FaustinoOro"]
[Result "1-0"]
[WhiteElo "2420"]
[BlackElo "2868"]
[TimeControl "180+1"]
[EndTime "10:01:01 PDT"]
[Termination "ProtectiveCarrot won on time"]

1. e4 e5 2. Nf3 Nc6 3. Bb5 a6 4. Ba4 Nf6 5. O-O b5 6. Bb3 Bc5 7. Re1 O-O 8. c3 d6 9. h3 h6 10. a4 Rb8 11. d4 Bb6 12. Be3 Re8 13. Nbd2 exd4 14. cxd4 Nb4 15. Qb1 Bb7 16. a5 Ba7 17. d5 Bxe3 18. Rxe3 c5 19. dxc6 Nxc6 20. Qa2 Qd7 21. Rae1 Rbc8 22. Nf1 Nb4 23. Qb1 Qc7 24. Rc3 Qxa5 25. Ng3 Rxc3 26. bxc3 Nc6 27. Qd3 Ne5 28. Nxe5 dxe5 29. Nf5 Bc8 30. Nd6 Rf8 31. Bxf7+ Rxf7 32. Nxc8 Qc7 33. Qg3 Qxc8 34. Qxe5 Qe8 35. Qd6 Qe7 36. Qxa6 Qc5 37. e5 Nd5 38. Qa2 Kh8 39. e6 Re7 40. Qa8+ Kh7 41. Re5 1-0

[Event "Early-Titled-Tuesday-Blitz-April-23-2024"]
[Site "Chess.com"]
[Date "2024.04.23"]
[Round "10"]
[White "platy3"]
[Black "Fy_Rakotomaharo"]
[Result "0-1"]
[WhiteElo "2886"]
[BlackElo "2747"]
[TimeControl "180+1"]
[EndTime "10:01:02 PDT"]
[Termination "Fy_Rakotomaharo won by checkmate"]

1. e4 e5 2. Nf3 Nf6 3. Nxe5 d6 4. Nf3 Nxe4 5. d4 d5 6. Bd3 Nc6 7. O-O Be7 8. Nbd2 f5 9. c4 Nb4 10. Bb1 c6 11. a3 Na6 12. b4 Nc7 13. Qb3 Be6 14.
Re1 O-O 15. cxd5 Bxd5 16. Qc2 Bd6 17. Ne5 Bxe5 18. dxe5 Ne6 19. Nf3 g5 20. Rd1 g4 21.
Nd4 Qe7 22. Nxe6 Qxe6 23. Qb2 Qg6 24. Bf4 Ng5 25. Ba2 Ne6 26. g3 Rad8 27. Bxd5 cxd5 28.
Rd3 Kg7 29. Rad1 d4 30. Rc1 Rd7 31. Qb3 Rff7 32. Rc8 h5 33. Qc4 h4 34. Kf1 Qh5 35. Ke1 Rfe7 36. Qc2 Rc7 37. Rxc7 Rxc7 38. Qa2 Kf7 39. Ke2 hxg3 40. hxg3 Qh1 41. Rd1 Qf3+ 42. Ke1 d3 43. Qd2 Qh1# 0-1

[Event "Early-Titled-Tuesday-Blitz-April-23-2024"]
[Site "Chess.com"]
[Date "2024.04.23"]
[Round "10"]
[White "baki83"]
[Black "ChristianArca"]
[Result "1-0"]
[WhiteElo "2891"]
[BlackElo "2647"]
[TimeControl "180+1"]
[EndTime "10:01:03 PDT"]
[Termination "baki83 won by resignation"]

1. e4 c6 2. Nf3 d5 3. Nc3 Bg4 4. h3 Bxf3 5. Qxf3 Nf6 6. Be2 e5 7. O-O d4 8. Nb1 Nbd7 9. d3 c5 10. a4 b6 11. Na3 a6 12. Qg3 Qc7 13. c3 Bd6 14. Qxg7 Rg8 15. Qh6 O-O-O 16. Nc4 Rg6 17. Qd2 Rdg8 18. g3 h5 19. Bd1 Nf8 20. Kh2 Ne6 21. Bf3 Bf8 22. Qe2 h4 23. Rg1 Bh6 24.
Bh5 hxg3+ 25. fxg3 Nxh5 26. Qxh5 Bxc1 27. Raxc1 Rg5 28.
Qf3 b5 29. axb5 axb5 30. Qxf7 Nd8 31. Qxc7+ Kxc7 32. Nd2 Rh5 33. g4 Rh7 34. cxd4 exd4 35. Rxc5+ Kb6 36. Rd5 Nc6 37. Nf3 Rgh8 38. Rg3 Rf7 39.
Nxd4 Rf2+ 40. Rg2 Rxg2+ 41. Kxg2 1-0